 Dungeon Crawl Stone Soup version 0.31.0-9-g3a7656b989 (webtiles) character file.

Game seed: 12240768319473803831

416623 Colgate the Fighter (level 22, -8/228 (276) HPs)
             Began as a Demonspawn Fighter on Jan 28, 2024.
             Was the Champion of Jiyva.
             Mangled by an ancient champion
             ... wielding a +3 heavy great sword
              (19 damage)
             ... on level 3 of the Crypt on Jan 29, 2024.
             The game lasted 04:13:02 (43241 turns).

Colgate the Fighter (Demonspawn Fighter)           Turns: 43241, Time: 04:13:02

HP:   -8/228 (276)  AC: 34    Str: 31 (33) XL:     22   Next: 25%
MP:   0/47          EV:  2    Int:  9 (10) God:    Jiyva [******]
Gold: 607           SH: 14    Dex: 21      Spells: 37/46 levels left

rFire   + + .        a - +4 demon whip (flame)
rCold   . . .        d - +0 kite shield {AC+3}
rNeg    + + .        t - melded +10 storm dragon scales {Bai Suzhen}
rPois   +            (helmet unavailable)
rElec   .            m - melded +2 cloak {Will+}
rCorr   +            v - melded +2 pair of gloves "Ole Tumm" {rN+ Regen+ Str+8 Int-2}
SInv    +            A - melded +2 pair of boots
Will    +++++        R - amulet of the Four Winds {rN+ Will+++ Clar}
Stlth   ++++         U - ring of positive energy
HPRegen 2.98/turn    V - ring "Vany" {rF++ MP+9 Str+3 SInv Stlth-}
MPRegen 1.40/turn

%: clarity, guardian spirit
@: agile, tree-form (expiring), hasted and slowed, studying Armour, heavily
drained
A: stationary, stasis, torment immunity, boosted hp, (horns 3), thin skeletal
structure 3, powered by pain 2, magic shield, magic regeneration, magic link,
demonic willpower, (talons 1), agile 1, clever 1, (fire resistance 3), sense
surroundings 1, (poison resistance), regeneration 1, robust 1, strong 1,
(tendrils), (jelly sensing items), (jelly absorbing missiles), MP-powered wands
}: 3/15 runes: serpentine, barnacled, slimy
a: Renounce Religion, Oozemancy, Slimify


You were on level 3 of the Crypt.
You worshipped Jiyva.
Jiyva was exalted by your worship.
You were a tree.
You visited 9 branches of the dungeon, and saw 45 of its levels.
You also visited: Wizlab.

You collected 5042 gold pieces.
You spent 4435 gold pieces at shops.

Inventory:

Hand Weapons
 a - a +4 demon whip of flaming (weapon)
 b - a +1 demon whip of draining
Missiles
 i - 7 atropa-tipped darts
 s - 13 boomerangs (quivered)
 x - 38 poisoned darts
 H - 18 silver javelins
 N - 2 throwing nets {!f}
Armour
 d - a +0 kite shield of protection (worn)
 m - a +2 cloak of willpower (melded)
 t - +10 storm dragon scales (melded) {Bai Suzhen}
 v - the +2 pair of gloves "Ole Tumm" (melded) {rN+ Regen+ Str+8 Int-2}
   (You found it on level 3 of the Lair of Beasts)

   Str+8:     It affects your strength (+8).
   Int-2:     It affects your intelligence (-2).
   rN+:       It protects you from negative energy.
   Regen+:    It increases your rate of health regeneration.
 A - a +2 pair of boots (melded)
 Y - a +0 kite shield of fire resistance
Jewellery
 l - a ring of flight
 p - a ring of protection from fire
 E - an amulet of regeneration
 F - a ring of poison resistance
 R - the amulet of the Four Winds (around neck) {rN+ Will+++ Clar}
   (You found it on level 5 of the Pits of Slime)

   [amulet of nothing]

   rN+:       It protects you from negative energy.
   Will+++:   It greatly increases your willpower.
   Clar:      It protects you from confusion, rage, mesmerisation and fear.
 U - a ring of positive energy (left branch)
 V - the ring "Vany" (right branch) {rF++ MP+9 Str+3 SInv Stlth-}
   (You bought it in a shop on level 1 of the Snake Pit)

   [ring of see invisible]

   Str+3:     It affects your strength (+3).
   rF++:      It greatly protects you from fire.
   MP+9:      It affects your magic capacity (+9).
   SInv:      It lets you see invisible.
   Stlth-:    It makes you less stealthy.
Wands
 u - a wand of iceblast (41) {@v2}
 I - a wand of charming (28)
 J - a wand of quicksilver (10) {@v1}
 M - a wand of polymorph (36)
Scrolls
 f - 8 scrolls of revelation
 h - 4 scrolls of fog
 j - 3 scrolls of amnesia
 n - 6 scrolls of blinking {@r4}
 o - a scroll of butterflies
 q - 4 scrolls of poison
 y - 5 scrolls of fear
 z - 13 scrolls of teleportation {@r3}
 D - 9 scrolls of noise
 L - 8 scrolls of identify {@r1}
 S - 2 scrolls of vulnerability
 T - 3 scrolls of brand weapon
Potions
 c - 3 potions of ambrosia
 g - 16 potions of curing {@q1}
 k - a potion of heal wounds {@q2}
 r - 3 potions of cancellation
 w - 7 potions of enlightenment
 C - 2 potions of berserk rage
 G - 7 potions of attraction
 K - 2 potions of mutation
 P - 4 potions of might {@q3}
 Q - 2 potions of invisibility
 W - 5 potions of haste {@q4}
Miscellaneous
 B - a phantom mirror
 O - a box of beasts
 X - a phial of floods
 Z - a tin of tremorstones (2/2)


   Skills:
 - Level 12.9 Fighting
 - Level 12.9 Maces & Flails
 - Level 5.2 Ranged Weapons
 - Level 12.0 Throwing
 - Level 12.9 Armour
 - Level 12.9 Dodging
 - Level 12.9 Shields
 - Level 12.9 Spellcasting
 - Level 12.9 Translocations
 - Level 12.9 Air Magic
 + Level 2.2 Earth Magic
 - Level 12.9 Evocations


You had 37 spell levels left.
You knew the following spells:

 Your Spells              Type           Power      Damage    Failure   Level
a - Swiftness             Air            29%        N/A       1%          3
b - Manifold Assault      Tloc           29%        N/A       1%          4
c - Blink                 Tloc           58%        N/A       1%          2

Your spell library contained the following spells:

 Spells                   Type           Power      Damage    Failure   Level
 Lesser Beckoning         Tloc           58%        N/A       1%          2
 Momentum Strike          Conj/Tloc      34%        3d8       1%          2
 Gell's Gravitas          Tloc           29%        N/A       1%          3
 Teleport Other           Tloc           29%        N/A       1%          3
 Volatile Blastmotes      Fire/Tloc      34%        2d12      3%          3
 Dispersal                Tloc           14%        N/A       12%         6
 Foxfire                  Conj/Fire      20%        2x1d5     16%         1
 Freeze                   Ice            20%        1d4       16%         1
 Kiss of Death            Conj/Necr      20%        2d7       16%         1
 Necrotise                Necr           20%        1d5       16%         1
 Slow                     Hex            20%        N/A       16%         1
 Passwall                 Erth           9%         N/A       19%         3
 Call Imp                 Summ           10%        N/A       24%         2
 Ensorcelled Hibernation  Hex/Ice        10%        N/A       24%         2
 Sublimation of Blood     Necr           5%         N/A       24%         2
 Stone Arrow              Conj/Erth      14%        3d7       30%         3
 Confusing Touch          Hex            5%         N/A       43%         3
 Dazzling Flash           Conj/Hex       10%        N/A       43%         3
 Frozen Ramparts          Ice            10%        1d2       43%         3
 Fugue of the Fallen      Necr           5%         N/A       43%         3
 Hailstorm                Conj/Ice       5%         3d5       43%         3
 Inner Flame              Hex/Fire       5%         N/A       43%         3
 Sigil of Binding         Hex            5%         N/A       43%         3
 Summon Ice Beast         Ice/Summ       5%         N/A       43%         3
 Vampiric Draining        Necr           5%         2d6       43%         3
 Animate Armour           Summ/Erth      14%        N/A       69%         4
 Leda's Liquefaction      Alch/Erth      3%         N/A       69%         4
 Petrify                  Alch/Erth      7%         N/A       69%         4
 Anguish                  Hex/Necr       2%         N/A       85%         4
 Cause Fear               Hex            2%         N/A       85%         4
 Dispel Undead            Necr           5%         3d7       85%         4
 Flame Wave               Conj/Fire      5%         2d5       85%         4
 Fulminant Prism          Conj/Alch      2%         3d5       85%         4
 Ignite Poison            Fire/Alch      5%         N/A       85%         4
 Olgreb's Toxic Radiance  Alch           5%         N/A       85%         4
 Sticky Flame             Fire/Alch      5%         2d4       85%         4
 Summon Blazeheart Golem  Fire/Summ      5%         N/A       85%         4
 Plasma Beam              Fire/Air       8%         2x1d19    86%         6
 Metabolic Englaciation   Hex/Ice        2%         N/A       99%         5
 Disjunction              Tloc           14%        N/A       99%         8
 Maxwell's Capacitive Co  Air            14%        ∞         99%         8
 Eringya's Noxious Bog    Alch           2%         4d6       100%        6
 Sculpt Simulacrum        Ice/Alch       2%         N/A       100%        6
 Starburst                Conj/Fire      2%         6d3       100%        6
 Enfeeble                 Hex            2%         N/A       100%        7
 Haunt                    Necr/Summ      2%         N/A       100%        7
 Orb of Destruction       Conj           2%         9d5       100%        7
 Spellforged Servitor     Conj/Summ      2%         N/A       100%        7
 Summon Hydra             Summ           2%         N/A       100%        7
 Borgnjor's Revivificati  Necr           2%         N/A       100%        8
 Ignition                 Fire           2%         3d3       100%        8
 Lehudib's Crystal Spear  Conj/Erth      3%         10d3      100%        8
 Death's Door             Necr           2%         N/A       100%        9


Dungeon Overview and Level Annotations

Branches:
Dungeon (15/15)            Temple (0/1) D:4            Lair (5/5) D:8
 Shoals (4/4) Lair:3        Snake (4/4) Lair:2        Slime (5/5) Lair:4
    Orc (2/2) D:12            Elf (3/3) Orc:2        Vaults (4/5) D:13
  Crypt (3/3) Vaults:3     Depths (0/4) D:15         WizLab (visited)
   Tomb: Crypt:3

Altars:
Cheibriados
Makhleb
Ru
Vehumet
Jiyva

Shops:
D:4 [   D:5 *   D:12 ?[(=   D:15 !   Orc:2 *=([   Elf:2 :   Elf:3 **?*
Snake:1 :==   Vaults:3 =

Annotations:
Shoals:1 2 transporters, ExZ's ghost, journeyman MiBe
Slime:5 Royal Jelly
Elf:2 3 runed translucent doors


Innate Abilities, Weirdness & Mutations

You are a tree.
Your roots penetrate the ground, keeping you stationary.
You cannot be teleported.
You are immune to unholy pain and torment.
Your maximum health is greatly increased.
Your equipment is partially melded.
((You have a pair of large horns on your head.))
You have an unnaturally thin skeletal structure. (Dex +6, Stealth+++)
You sometimes gain power by taking damage.
When hurt, damage is shared between your health and your magic reserves.
You regenerate magic rapidly.
When low on magic, you restore magic in place of health.
You punish those that try to bend your will. (Will+)
((You have sharp toenails.))
You are agile. (Dex +4, Str/Int -1)
Your mind is acute. (Int +4, Str/Dex -1)
((Your flesh is almost immune to the effects of heat. (rF+++)))
You passively map a small area around you.
((Your system is resistant to poisons. (rPois)))
Your natural rate of healing is unusually fast.
You are robust. (+10% HP)
Your muscles are strong. (Str +4, Int/Dex -1)
((You are covered in slimy tendrils that may disarm your opponents.))
((You have a small jelly attached to you that senses nearby items.))
((You have a small jelly attached to you that may absorb projectiles.))
You expend magic power (3 MP) to strengthen your wands.


Message History

You block the laughing skull's attack. The eidolon stares piercingly at you.
The bolt of negative energy hits you but does no damage.
You partially resist.
The bolt of negative energy hits the yak skeleton.
The yak skeleton completely resists.
The ancient champion hits you with a +3 heavy great sword!
* * * LOW HITPOINT WARNING * * *
You block the laughing skull's attack. You block the mummy's attack.
You closely miss the ancient champion. You block the laughing skull's attack.
The skeletal warrior completely misses you.
The laughing skull headbutts you but does no damage.
The eidolon hits you.
* * * LOW HITPOINT WARNING * * *
The eidolon hits you but does no damage.
You block the yak skeleton's attack.
The laughing skull gibbers with scorn.
The bolt of negative energy hits you. You partially resist.
You feel drained.
* * * LOW HITPOINT WARNING * * *
The bolt of negative energy hits the ancient champion.
The ancient champion completely resists.
You feel yourself speed up.
The laughing skull headbutts you but does no damage.
The ancient champion gestures at you while chanting.
The iron shot hits you!!!
* * * LOW HITPOINT WARNING * * *
You focus on the pain.
You feel more agile all of a sudden.
The laughing skull cackles spitefully.
The bolt of negative energy hits you. You partially resist.
You feel drained.
* * * LOW HITPOINT WARNING * * *
The bolt of negative energy hits the ancient champion but does no damage.
The ancient champion completely resists.
The skeletal warrior hits you but does no damage.
The eidolon gestures.
The eidolon radiates an aura of fear!
You are unaffected.
You block the laughing skull's attack. You block the yak skeleton's attack.
You block the mummy's attack.
The ancient champion hits you with a +3 heavy great sword!!
You die...

........# *,, ...
........#, * , , ...
..Z.....# * ^ ^ ^ , ##
........#######+++#####
*
.........##...........#
, .
......Z..##...........
,..
..........###.......#
,...
............##'Mzz'##...
,...
..............ZW♣Z......
* ...
#####..........zz.......
,...
#.#######.########## ,
#. #.# , * #. * #.# , ,,
..# , , ... ###., * *


You could see an eidolon, an ancient champion, a skeletal warrior, 2 laughing
skulls, a mummy, a warg zombie and a yak skeleton.

Vanquished Creatures
  Xtahua (Vaults:4)
  Sojobo (Vaults:3)
  Saint Roka (Vaults:4)
  Bai Suzhen (Vaults:2)
  Margery (Vaults:3)
  Norris (Vaults:3)
  Nikola (Snake:4)
  Jorgrun (D:12)
  A hellephant (Vaults:3)
  A lich (Crypt:2)
  Rupert (D:14)
  The ghost of Aral the Warrior, an adept MiBe of Trog (Shoals:2)
  Zenata (Crypt:1)
  4 deep elf blademasters (Elf:3)
  A titan (Shoals:1)
  2 deep elf master archers (Elf:3)
  Polyphemus (Shoals:3)
  A kraken (Shoals:4)
  3 ancient champions
  2 tengu reavers
  A tentacled starspawn (WizLab)
  Frances (Shoals:1)
  Gastronok (D:8)
  Aizul (Lair:2)
  Kirke (D:14)
  2 sphinxes (WizLab)
  2 revenants (Crypt:1)
  Roxanne (Snake:1)
  4 nagarajas
  Donald (Crypt:2)
  10 deep elf sorcerers
  A frost giant (Shoals:1)
  6 deep elf elementalists
  8 vault wardens
  A reaper (Crypt:2)
  An angel (Shoals:3)
  2 curse skulls (Crypt:3)
  9 ironbound preservers
  4 demonspawn corrupters (WizLab)
  3 orc warlords
  5 ghouls
  2 very ugly things
  A stone giant (Vaults:1)
  2 juggernaut skeletons
  6 deep elf demonologists
  2 ironbound thunderhulks
  4 vampire knights (Crypt:1)
  8 deep elf annihilators
  11 deep elf death magi (Elf:3)
  2 war gargoyles
  14 dire elephants
  3 eidola
  An ettin (WizLab)
  4 merfolk javelineers (Shoals:4)
  2 crystal guardians
  An ettin (shapeshifter) (Vaults:3)
  5 merfolk impalers
  5 deep elf high priests
  16 jiangshi
  A quicksilver dragon zombie (Crypt:3)
  2 spriggan zombies (Crypt:2)
  2 vault guards
  3 hydras (Lair:4)
  7 yaktaur captains
  3 catoblepae
  6 salamander tyrants
  4 peacekeepers
  2 boulder beetles
  2 merfolk avatars
  An ogre mage (Orc:2)
  5 ironbound frosthearts
  12 centaur warriors
  An ice dragon (Lair:5)
  6 anacondas
  2 death knights
  10 merfolk aquamancers
  A satyr (Shoals:3)
  12 death yaks
  12 naga warriors
  A titan zombie (Crypt:3)
  11 two-headed ogres
  3 tengu warriors
  7 vampire magi
  11 naga sharpshooters (Snake:4)
  5 occultists (WizLab)
  21 dancing weapons
  2 holy swine (Shoals:4)
  2 orc high priests
  6 shock serpents
  Nergalle (Orc:2)
  6 hell knights
  17 deep elf knights
  5 salamander mystics
  36 deep trolls
  3 soul eaters
  8 sea snakes
  26 skeletal warriors
  5 skysharks
  3 cherubim (Shoals:4)
  A spriggan druid (WizLab)
  A flayed ghost (Crypt:1)
  4 mana vipers
  Lodul (D:14)
  4 spectral anacondas (Snake:4)
  4 bog bodies (Crypt:2)
  2 swamp dragons (Lair:3)
  8 arcanists
  4 anaconda skeletons (Snake:4)
  2 anaconda zombies
  8 ironbound convokers
  10 lindwurms
  8 orc knights
  11 deep elf archers
  16 harpies
  26 deep elf pyromancers
  2 naga ritualists
  7 necromancers
  3 spriggan simulacra (Snake:2)
  15 phantasmal warriors
  A wolf spider (D:12)
  24 deep elf zephyrmancers
  12 ugly things
  9 orc sorcerers
  11 cyclopes
  4 worldbinders (WizLab)
  16 manticores
  A stone giant zombie (Crypt:2)
  23 salamanders
  17 fauns
  An eleionoma skeleton (Crypt:1)
  8 elephants
  8 water nymphs
  9 merfolk sirens
  19 naga magi
  20 black mambas
  4 kobold blastminers
  A cane toad (shapeshifter) (Vaults:3)
  17 vault sentinels
  A dire elephant skeleton (Crypt:2)
  18 cane toads
  8 torpor snails
  An unseen horror (D:13)
  A gargoyle (D:14)
  4 kobold demonologists
  2 unseen horrors (shapeshifter)
  6 rime drakes
  8 komodo dragons
  5 anaconda simulacra
  An alligator snapping turtle skeleton (Crypt:3)
  6 freezing wraiths
  A purple draconian skeleton (Crypt:1)
  43 yaktaurs
  4 tengu conjurers
  Psyche (D:8)
  2 pale draconian skeletons
  15 merfolk
  3 polar bears
  3 tyrant leeches (Lair:5)
  12 trolls
  A harpy zombie (Crypt:2)
  5 wind drakes
  7 hornets (Lair:5)
  A queen bee (D:11)
  A hydra skeleton (Crypt:2)
  Prince Ribbit (D:8)
  8 snapping turtles
  12 blink frogs
  A fire dragon zombie (Crypt:2)
  11 dream sheep
  2 harpy skeletons
  A spriggan (Lair:3)
  3 air elementals
  An ettin skeleton (Crypt:1)
  A dire elephant simulacrum (Snake:2)
  19 water elementals
  6 wraiths
  A naga simulacrum (Crypt:3)
  51 yaks
  3 wyverns
  4 hogs (D:14)
  2 fire elementals
  4 basilisks
  A steam dragon (D:7)
  4 wargs
  4 vampire mosquitoes
  A deep troll zombie (Crypt:2)
  46 nagas
  3 acid dragons
  19 water moccasins
  26 orc warriors
  A water nymph skeleton (Crypt:2)
  A sky beast (D:8)
  An elephant zombie (Crypt:1)
  2 ice beasts (D:6)
  A black mamba simulacrum (Crypt:2)
  An ettin simulacrum (Crypt:2)
  27 laughing skulls
  4 black bears
  9 ogres
  16 wolves
  A manticore skeleton (Crypt:3)
  5 centaurs
  A phantom (D:5)
  2 kobold brigands
  A lindwurm skeleton (Crypt:1)
  A rime drake zombie (Crypt:2)
  11 bullfrogs
  3 necrophages
  4 earth elementals
  3 scorpions
  A deep troll simulacrum (Snake:2)
  14 wights
  39 killer bees
  2 jellies
  2 lindwurm simulacra (Snake:2)
  10 howler monkeys
  2 spriggan skeletons
  A yak skeleton (Crypt:2)
  4 electric eels
  3 lava snakes
  3 bombardier beetles
  3 hounds
  20 orc priests
  2 centaur skeletons (Crypt:2)
  3 iguanas
  A basilisk skeleton (Crypt:2)
  19 orc wizards
  Ijyb (D:3)
  10 adders
  3 white imps
  An iguana skeleton (Crypt:1)
  2 dart slugs
  2 ribbon worms (D:2)
  53 orcs
  5 ball pythons
  2 endoplasms
  2 giant cockroaches
  7 goblins
  11 hobgoblins
  A quokka (D:1)
  9 bats
  A frilled lizard (D:1)
  A jackal skeleton (Crypt:3)
  16 kobolds
  2 rats
  A river rat skeleton (Crypt:1)
  4 tentacles (Shoals:4)
1549 creatures vanquished.

Vanquished Creatures (collateral kills)
  A nagaraja (Snake:4)
  A deep elf pyromancer (D:15)
  2 wights (D:7)
4 creatures vanquished.

Vanquished Creatures (others)
  A formless jellyfish (Vaults:1)
  An ironbound preserver (Vaults:3)
  An ironbound thunderhulk (Vaults:2)
  2 dire elephants
  A crystal guardian (Vaults:1)
  6 great orbs of eyes
  A centaur warrior (D:13)
  A boulder beetle (D:13)
  2 deep elf knights (Elf:1)
  A spectral anaconda (Snake:4)
  A glowing orange brain (Vaults:3)
  A deep troll (Vaults:4)
  A lindwurm (Lair:2)
  An arcanist (WizLab)
  2 deep elf zephyrmancers (Elf:1)
  4 ironbound convokers (Vaults:1)
  A harpy (Shoals:1)
  A cyclops (shapeshifter) (Vaults:3)
  A necromancer (WizLab)
  An orc knight (Orc:2)
  A manticore (D:14)
  2 vault sentinels
  A yaktaur (Vaults:2)
  37 slime creatures
  2 blink frogs
  A yak (Lair:5)
  A wraith (Crypt:1)
  A vampire mosquito (D:14)
  A naga (Snake:4)
  An orc warrior (Orc:2)
  4 ogres (D:14)
  4 centaurs
  2 wolves
  4 bullfrogs
  A killer bee (D:11)
  174 jellies
  An orc priest (D:8)
  An iguana (D:4)
  2 orc wizards (Orc:2)
  2 mummies (Crypt:3)
  An adder (shapeshifter) (Vaults:3)
  An adder (D:5)
  A white imp (D:5)
  5 endoplasms
  6 orcs
  A ball python (D:4)
  A hobgoblin (D:4)
  2 starspawn tentacles (WizLab)
  11 tentacles (Shoals:4)
303 creatures vanquished.

Grand Total: 1856 creatures vanquished

Notes
Turn   | Place    | Note
-------+----------+-------------------------------------------
     0 | D:1      | Colgate the Demonspawn Fighter began the quest for the Orb.
     0 | D:1      | Reached XP level 1. HP: 18/18 MP: 1/1
   213 | D:1      | Gained mutation: You sometimes gain a little power by
                  | taking damage. [demonic ancestry]
   213 | D:1      | Reached XP level 2. HP: 24/24 MP: 2/2
   818 | D:2      | Gained mutation: You regenerate magic rapidly. [demonic
                  | ancestry]
   818 | D:2      | Reached XP level 3. HP: 15/29 MP: 3/3
  1273 | D:2      | Found a faded altar of an unknown god.
  1289 | D:2      | Got Plato's Precepts of Snow
  1399 | D:2      | Prayed at the altar of an unknown god.
  1399 | D:2      | Became a worshipper of Jiyva Jamp the Shapeless
  1399 | D:2      | Reached * piety under Jiyva
  1429 | D:2      | Gained mutation: You have a pair of small horns on your
                  | head. [demonic ancestry]
  1429 | D:2      | Reached XP level 4. HP: 35/35 MP: 4/4
  1912 | D:3      | You fall into a shaft and drop 2 floors!
  1912 | D:5      | Entered Level 5 of the Dungeon
  1926 | D:5      | Reached ** piety under Jiyva
  1949 | D:5      | Gained mutation: You have a somewhat thin skeletal
                  | structure. (Dex +2, Stealth+) [demonic ancestry]
  1949 | D:5      | Reached XP level 5. HP: 36/41 MP: 5/5
  1957 | D:5      | Reached skill level 5 in Maces & Flails
  1982 | D:5      | Reached XP level 6. HP: 36/47 MP: 6/6
  2116 | D:5      | Found a radiant altar of Vehumet.
  2267 | D:5      | Found Naphafu's Overcharged Wands.
  2278 | D:5      | Reached *** piety under Jiyva
  2307 | D:5      | Noticed a water moccasin
  2310 | D:5      | Killed a water moccasin
  2351 | D:5      | Gained mutation: You have a pair of horns on your head.
                  | [demonic ancestry]
  2351 | D:5      | Reached XP level 7. HP: 51/52 MP: 7/7
  2711 | D:4      | Gained mutation: Your body has grown eyes which may confuse
                  | attackers. (Acc +3) [Jiyva's grace]
  2711 | D:4      | Gained mutation: Your body has grown many eyes which may
                  | confuse attackers. (Acc +5) [Jiyva's grace]
  2711 | D:4      | Gained mutation: Your body is covered in eyes which may
                  | confuse attackers. (Acc +7, SInv) [Jiyva's grace]
  2711 | D:4      | Gained mutation: Armour fits poorly on your pseudopods.
                  | [Jiyva's grace]
  2907 | D:3      | Noticed Ijyb
  2910 | D:3      | Killed Ijyb
  3249 | D:4      | Reached **** piety under Jiyva
  3257 | D:4      | Found a staircase to the Ecumenical Temple.
  3283 | D:4      | Found a snail-covered altar of Cheibriados.
  3283 | D:4      | Found a burning altar of Makhleb.
  3836 | D:4      | Found Qenuiho's Armour Shop.
  4141 | D:6      | Reached XP level 8. HP: 58/58 MP: 8/8
  4217 | D:6      | Reached ***** piety under Jiyva
  4217 | D:6      | Gained mutation: Your rubbery body absorbs attacks. (AC +1,
                  | EV +1) [Jiyva's grace]
  4217 | D:6      | Gained mutation: Your pliable body absorbs attacks. (AC +2,
                  | EV +2) [Jiyva's grace]
  4217 | D:6      | Gained mutation: Your gelatinous body deflects attacks. (AC
                  | +3, EV +3) [Jiyva's grace]
  4217 | D:6      | Gained mutation: You have sharp fingernails. [Jiyva's
                  | grace]
  5045 | D:7      | Reached skill level 10 in Maces & Flails
  5188 | D:7      | Reached XP level 9. HP: 63/63 MP: 6/9
  5870 | D:8      | Found a staircase to the Lair.
  5881 | D:8      | Noticed Prince Ribbit
  5894 | D:8      | Killed Prince Ribbit
  5919 | D:8      | Reached skill level 5 in Fighting
  6133 | D:8      | Noticed Psyche
  6141 | D:8      | Killed Psyche
  6202 | D:8      | Noticed Gastronok
  6212 | D:8      | Killed Gastronok
  6213 | D:8      | Reached XP level 10. HP: 47/80 MP: 10/10
  6557 | D:4      | Bought a +3 chain mail of cold resistance for 291 gold
                  | pieces
  6693 | Lair:1   | Entered Level 1 of the Lair of Beasts
  6693 | Lair:1   | Noticed a cane toad
  6699 | Lair:1   | Killed a cane toad
  6780 | Lair:1   | Lost mutation: You have sharp fingernails. [Jiyva's grace]
  6780 | Lair:1   | Lost mutation: Your body is covered in eyes which may
                  | confuse attackers. (Acc +7, SInv) [Jiyva's grace]
  6780 | Lair:1   | Lost mutation: Your body has grown many eyes which may
                  | confuse attackers. (Acc +5) [Jiyva's grace]
  6780 | Lair:1   | Lost mutation: Armour fits poorly on your pseudopods.
                  | [Jiyva's grace]
  6780 | Lair:1   | Gained mutation: You have large cloven feet. [Jiyva's
                  | grace]
  6780 | Lair:1   | Gained mutation: You have hoof-like feet. [Jiyva's grace]
  6780 | Lair:1   | Gained mutation: You have hooves in place of feet. [Jiyva's
                  | grace]
  6780 | Lair:1   | Gained mutation: You are agile. (Dex +4, Str/Int -1)
                  | [Jiyva's grace]
  6782 | Lair:1   | Noticed a cane toad
  6788 | Lair:1   | Killed a cane toad
  6793 | Lair:1   | Noticed a cane toad
  6810 | Lair:1   | Killed a cane toad
  6954 | Lair:1   | Noticed a black mamba
  6959 | Lair:1   | Killed a black mamba
  6960 | Lair:1   | Reached skill level 5 in Armour
  7106 | Lair:1   | Reached skill level 1 in Throwing
  7210 | Lair:1   | Noticed a catoblepas
  7235 | Lair:1   | Noticed a cane toad
  7337 | Lair:1   | Killed a cane toad
  7404 | Lair:1   | Gained mutation: When hurt, damage is shared between your
                  | health and your magic reserves. [demonic ancestry]
  7404 | Lair:1   | Reached XP level 11. HP: 89/89 MP: 11/11
  7517 | Lair:1   | Killed a catoblepas
  7518 | Lair:1   | Reached skill level 5 in Throwing
  7747 | Lair:2   | Noticed a skyshark
  7767 | Lair:1   | Killed a skyshark
  8061 | Lair:2   | Found a staircase to the Snake Pit.
  8062 | Lair:2   | Lost mutation: You have hooves in place of feet. [Jiyva's
                  | grace]
  8062 | Lair:2   | Lost mutation: Your gelatinous body deflects attacks. (AC
                  | +3, EV +3) [Jiyva's grace]
  8062 | Lair:2   | Gained mutation: Your natural rate of healing is unusually
                  | fast. [Jiyva's grace]
  8062 | Lair:2   | Gained mutation: You heal very quickly. [Jiyva's grace]
  8062 | Lair:2   | Gained mutation: You regenerate. [Jiyva's grace]
  8062 | Lair:2   | Gained mutation: Armour fits poorly on your pseudopods.
                  | [Jiyva's grace]
  8378 | Lair:2   | Noticed a lindwurm
  8379 | Lair:2   | Noticed a fire dragon
  8384 | Lair:2   | Slimified a fire dragon
  8384 | Lair:2   | a fire dragon changed into an acid blob
  8384 | Lair:2   | Noticed an acid blob
  8387 | Lair:2   | Killed a lindwurm
  8649 | Lair:3   | Found a transporter.
  8706 | Lair:2   | Reached skill level 10 in Throwing
  8706 | Lair:2   | Reached XP level 12. HP: 93/95 MP: 12/12
  8919 | Lair:3   | Reached skill level 10 in Fighting
  8985 | Lair:3   | Found a staircase to the Shoals.
  9341 | Lair:3   | Noticed a death yak
  9341 | Lair:3   | Noticed a death yak
  9344 | Lair:3   | Noticed a death yak
  9359 | Lair:3   | Killed a death yak
  9361 | Lair:3   | Killed a death yak
  9365 | Lair:3   | Killed a death yak
  9375 | Lair:3   | Identified the granite talisman of Spaghetti {Str+4}
  9409 | Lair:3   | Found a transporter.
  9849 | Lair:4   | Noticed an eight-headed hydra
  9859 | Lair:4   | Killed an eight-headed hydra
  9929 | Lair:4   | Noticed a catoblepas
  9940 | Lair:4   | Killed a catoblepas
  9941 | Lair:4   | Gained mutation: You have a moderately thin skeletal
                  | structure. (Dex +4, Stealth++) [demonic ancestry]
  9941 | Lair:4   | Reached XP level 13. HP: 93/109 MP: 13/13
  9958 | Lair:4   | Lost mutation: You have hoof-like feet. [Jiyva's grace]
  9958 | Lair:4   | Lost mutation: You regenerate. [Jiyva's grace]
  9958 | Lair:4   | Lost mutation: Your body has grown eyes which may confuse
                  | attackers. (Acc +3) [Jiyva's grace]
  9958 | Lair:4   | Lost mutation: Your pliable body absorbs attacks. (AC +2,
                  | EV +2) [Jiyva's grace]
  9958 | Lair:4   | Gained mutation: You are covered in fur. (AC +1) [Jiyva's
                  | grace]
  9958 | Lair:4   | Gained mutation: You are covered in thick fur. (AC +2)
                  | [Jiyva's grace]
  9958 | Lair:4   | Gained mutation: Your thick and shaggy fur keeps you warm.
                  | (AC +3, rC+) [Jiyva's grace]
  9958 | Lair:4   | Gained mutation: Your skin changes colour to match your
                  | surroundings (Stealth+). [Jiyva's grace]
 10186 | Lair:4   | Found a staircase to the Slime Pits.
 10766 | Slime:1  | Entered Level 1 of the Pits of Slime
 10766 | Slime:1  | Noticed an acid blob
 10809 | Slime:1  | Noticed an acid blob
 10812 | Slime:1  | Noticed a quicksilver ooze
 10832 | Slime:1  | Noticed an azure jelly
 10835 | Slime:1  | Noticed an azure jelly
 10835 | Slime:1  | Noticed a rockslime
 10843 | Slime:1  | Noticed a rockslime
 10848 | Slime:1  | Noticed an azure jelly
 10851 | Slime:1  | Noticed an azure jelly
 10852 | Slime:1  | Noticed an azure jelly
 10859 | Slime:1  | Noticed an azure jelly
 11022 | Slime:2  | Noticed a rockslime
 11025 | Slime:2  | Noticed a quicksilver ooze
 11027 | Slime:2  | Noticed an azure jelly
 11150 | Slime:3  | Noticed a quicksilver ooze
 11150 | Slime:3  | Noticed a formless jellyfish
 11161 | Slime:3  | Noticed a quicksilver ooze
 11173 | Slime:3  | Noticed an acid blob
 11173 | Slime:3  | Noticed an acid blob
 11174 | Slime:3  | Noticed a rockslime
 11194 | Slime:3  | Noticed a quicksilver ooze
 11210 | Slime:3  | Noticed an azure jelly
 11213 | Slime:3  | Noticed an acid blob
 11358 | Slime:3  | Noticed a formless jellyfish
 11479 | Slime:4  | Noticed a quicksilver ooze
 11512 | Slime:4  | Noticed a rockslime
 11607 | Slime:4  | Noticed an acid blob
 11662 | Slime:5  | Entered Level 5 of the Pits of Slime
 11692 | Slime:5  | Noticed an acid blob
 11695 | Slime:5  | Noticed a rockslime
 11765 | Slime:5  | Noticed an acid blob
 11765 | Slime:5  | Noticed an acid blob
 11766 | Slime:5  | Found a viscous altar of Jiyva.
 11766 | Slime:5  | Found the amulet of the Four Winds {rN+ Will+++ Clar}
 11767 | Slime:5  | Noticed an azure jelly
 11767 | Slime:5  | Noticed an acid blob
 11775 | Slime:5  | Noticed the Royal Jelly
 11780 | Slime:5  | Noticed an acid blob
 11798 | Slime:5  | Noticed an azure jelly
 11891 | Slime:5  | Noticed an acid blob
 11958 | Slime:5  | Noticed an azure jelly
 12213 | Lair:5   | Entered Level 5 of the Lair of Beasts
 12401 | Lair:5   | Reached skill level 10 in Armour
 12635 | Lair:5   | Lost mutation: Your skin changes colour to match your
                  | surroundings (Stealth+). [Jiyva's grace]
 12635 | Lair:5   | Lost mutation: Your thick and shaggy fur keeps you warm.
                  | (AC +3, rC+) [Jiyva's grace]
 12635 | Lair:5   | Lost mutation: Your rubbery body absorbs attacks. (AC +1,
                  | EV +1) [Jiyva's grace]
 12635 | Lair:5   | Gained mutation: Your spells are a little harder to cast,
                  | but a little more powerful. [Jiyva's grace]
 12635 | Lair:5   | Gained mutation: Your spells are harder to cast, but more
                  | powerful. [Jiyva's grace]
 12635 | Lair:5   | Gained mutation: Your spells are much harder to cast, but
                  | much more powerful. [Jiyva's grace]
 12635 | Lair:5   | Gained mutation: Your translucent skin slightly reduces
                  | your foes' accuracy. (Stealth+) [Jiyva's grace]
 12979 | Lair:5   | Reached XP level 14. HP: 94/116 MP: 14/14
 14243 | D:9      | Lost mutation: You heal very quickly. [Jiyva's grace]
 14243 | D:9      | Lost mutation: Armour fits poorly on your pseudopods.
                  | [Jiyva's grace]
 14243 | D:9      | Lost mutation: Your translucent skin slightly reduces your
                  | foes' accuracy. (Stealth+) [Jiyva's grace]
 14243 | D:9      | Gained mutation: Your muscles are strong. (Str +4, Int/Dex
                  | -1) [Jiyva's grace]
 14243 | D:9      | Gained mutation: Your muscles are very strong. (Str +8,
                  | Int/Dex -2) [Jiyva's grace]
 14243 | D:9      | Gained mutation: You have a pair of large horns on your
                  | head. [Jiyva's grace]
 14243 | D:9      | Gained mutation: Your body has grown eyes which may confuse
                  | attackers. (Acc +3) [Jiyva's grace]
 14408 | D:9      | Reached ****** piety under Jiyva
 14762 | Slime:4  | Noticed an acid blob
 14823 | Slime:5  | Got Sif Muna's Handbook of Pyromancy
 14883 | Slime:5  | Got a slimy rune of Zot
 14897 | Slime:5  | Identified the +4 trident of Tuozxaz {freeze, Int+2}
 14899 | Slime:5  | Identified the +9 sling "Fizxeug" {heavy, rElec rC+ Int+2}
 15087 | D:10     | Entered Level 10 of the Dungeon
 15737 | D:11     | Identified the +2 buckler of Dawn {SInv}
 16069 | D:11     | Lost mutation: Your muscles are very strong. (Str +8,
                  | Int/Dex -2) [Jiyva's grace]
 16069 | D:11     | Gained mutation: You passively map a small area around you.
                  | [Jiyva's grace]
 16069 | D:11     | Gained mutation: You passively map the area around you.
                  | [Jiyva's grace]
 16069 | D:11     | Gained mutation: You passively map a large area around you.
                  | [Jiyva's grace]
 16069 | D:11     | Gained mutation: You are strong-willed. (Will+) [Jiyva's
                  | grace]
 16300 | D:12     | Found Orphoxo's Magic Scroll Shop.
 16305 | D:12     | Bought a scroll of fog for 64 gold pieces
 16342 | D:12     | Found a staircase to the Orcish Mines.
 16585 | D:12     | Found Vatwycre's Jewellery Shoppe.
 16647 | D:12     | Found Zienuer's Jewellery Boutique.
 16682 | D:12     | Found Dotuffen's Weapon Shoppe.
 16702 | D:12     | Reached skill level 5 in Shields
 16736 | D:12     | Found Quarphuipt's Antique Armour Boutique.
 17051 | D:12     | Noticed Jorgrun
 17062 | D:12     | Killed Jorgrun
 17147 | D:12     | Bought a pair of runed gloves for 300 gold pieces
 17307 | Orc:1    | Entered Level 1 of the Orcish Mines
 17339 | Orc:1    | Noticed an orc warlord
 17362 | D:12     | Killed an orc warlord
 17443 | Orc:2    | Entered Level 2 of the Orcish Mines
 17443 | Orc:2    | Found a staircase to the Elven Halls.
 17674 | Orc:2    | Noticed Nergalle
 17690 | Orc:2    | Noticed an orc warlord
 17692 | Orc:2    | Killed Nergalle
 17735 | Orc:2    | Killed an orc warlord
 17736 | Orc:2    | Reached XP level 15. HP: 122/122 MP: 15/15
 17820 | Orc:2    | Found Boshruj's Jewellery Boutique.
 17875 | Orc:2    | Found Asumuy's Antique Weapon Boutique.
 18112 | Orc:2    | Found Geloxifu's Antique Armour Boutique.
 18127 | Orc:2    | Found Utuycog's General Store.
 18393 | Orc:2    | Reached skill level 10 in Shields
 18741 | Orc:2    | Bought a pair of boots for 117 gold pieces
 18741 | Orc:2    | Bought a cloak for 117 gold pieces
 18810 | D:12     | Bought a scroll of vulnerability for 64 gold pieces
 18810 | D:12     | Bought a scroll of identify for 32 gold pieces
 18810 | D:12     | Bought a scroll of identify for 32 gold pieces
 18880 | D:13     | Lost mutation: You are agile. (Dex +4, Str/Int -1) [Jiyva's
                  | grace]
 18880 | D:13     | Lost mutation: You passively map a large area around you.
                  | [Jiyva's grace]
 18880 | D:13     | Lost mutation: Your muscles are strong. (Str +4, Int/Dex
                  | -1) [Jiyva's grace]
 18880 | D:13     | Lost mutation: Your spells are much harder to cast, but
                  | much more powerful. [Jiyva's grace]
 18880 | D:13     | Gained mutation: You have acidic saliva. [Jiyva's grace]
 18880 | D:13     | Gained mutation: You have hidden genetic potential.
                  | [Jiyva's grace]
 18880 | D:13     | Gained mutation: You have great hidden genetic potential.
                  | [Jiyva's grace]
 18880 | D:13     | Gained mutation: You possess an exceptional clarity of
                  | mind. [Jiyva's grace]
 19017 | D:13     | Found a gate to the Vaults.
 19809 | D:14     | Noticed Kirke
 19831 | D:14     | Killed Kirke
 19836 | D:14     | Noticed Lodul
 19841 | D:14     | Killed Lodul
 19896 | D:14     | Identified the +1 flail "Hydrabane" {antimagic, Dex+2
                  | Stlth+}
 19931 | D:14     | Noticed Rupert
 19955 | D:14     | Killed Rupert
 20456 | D:15     | Entered Level 15 of the Dungeon
 20494 | D:15     | Found Mutamm's Distillery.
 20700 | D:15     | Reached skill level 1 in Evocations
 20785 | D:15     | Found a staircase to the Depths.
 21238 | D:12     | Bought a ring of poison resistance for 360 gold pieces
 21419 | Lair:3   | Identified the +2 pair of gloves "Ole Tumm" {rN+ Regen+
                  | Str+8 Int-2}
 21680 | D:15     | Bought a potion of heal wounds for 65 gold pieces
 21680 | D:15     | Bought a potion of heal wounds for 65 gold pieces
 21680 | D:15     | Bought a potion of heal wounds for 65 gold pieces
 22182 | Snake:1  | Entered Level 1 of the Snake Pit
 22184 | Snake:1  | Identified the serpent talisman of Tenacity {rElec Str+6}
 22184 | Snake:1  | Noticed Aizul
 22203 | Lair:2   | Killed Aizul
 22284 | Snake:1  | Reached skill level 5 in Evocations
 22298 | Snake:1  | Reached skill level 1 in Ranged Weapons
 22331 | Snake:1  | Noticed Roxanne
 22456 | Snake:1  | Found Bam Ylle's Book Boutique.
 22456 | Snake:1  | Found Wihi's Jewellery Shoppe.
 22457 | Snake:1  | Found Momm's Jewellery Shoppe.
 22479 | Snake:1  | You fall into a shaft and drop 1 floor!
 22588 | Snake:2  | Lost mutation: You passively map the area around you.
                  | [Jiyva's grace]
 22588 | Snake:2  | Lost mutation: You are covered in thick fur. (AC +2)
                  | [Jiyva's grace]
 22588 | Snake:2  | Lost mutation: Your spells are harder to cast, but more
                  | powerful. [Jiyva's grace]
 22588 | Snake:2  | Lost mutation: You have acidic saliva. [Jiyva's grace]
 22588 | Snake:2  | Lost mutation: Your body has grown eyes which may confuse
                  | attackers. (Acc +3) [Jiyva's grace]
 22588 | Snake:2  | Lost mutation: You have great hidden genetic potential.
                  | [Jiyva's grace]
 22588 | Snake:2  | Gained mutation: You have hoof-like feet. [Jiyva's grace]
 22588 | Snake:2  | Gained mutation: You have hooves in place of feet. [Jiyva's
                  | grace]
 22588 | Snake:2  | Gained mutation: Your body has grown eyes which may confuse
                  | attackers. (Acc +3) [Jiyva's grace]
 22588 | Snake:2  | Gained mutation: Your body has grown many eyes which may
                  | confuse attackers. (Acc +5) [Jiyva's grace]
 22703 | Snake:1  | Reached XP level 16. HP: 102/129 MP: 13/16
 22729 | Snake:1  | Found a sacrificial altar of Ru.
 23047 | Snake:2  | Found a glacial archway.
 23102 | Snake:2  | Reached skill level 5 in Ranged Weapons
 23440 | Snake:2  | Gained mutation: Your mind is acute. (Int +4, Str/Dex -1)
                  | [hidden potential]
 23519 | Snake:1  | Killed Roxanne
 24412 | Snake:1  | Bought the ring "Vany" {rF++ MP+9 Str+3 SInv Stlth-} for
                  | 696 gold pieces
 24475 | Snake:4  | Entered Level 4 of the Snake Pit
 24737 | Snake:4  | Reached skill level 10 in Evocations
 25347 | Snake:4  | Noticed Nikola
 25357 | Snake:4  | HP: 3/129 [black mamba (5)]
 25413 | Snake:4  | Killed Nikola
 25505 | Snake:3  | Gained mutation: When low on magic, you restore magic in
                  | place of health. [demonic ancestry]
 25505 | Snake:3  | Reached XP level 17. HP: 135/135 MP: 17/17
 25651 | Snake:4  | Identified the +3 quarterstaff "Undertaker" {protect,
                  | +Blink Dex+5}
 25856 | Snake:4  | Gained mutation: Your system is resistant to poisons.
                  | (rPois) [hidden potential]
 25856 | Snake:4  | Lost mutation: You have hidden genetic potential. [hidden
                  | potential expressed]
 25896 | Snake:4  | Got a serpentine rune of Zot
 26162 | Snake:4  | Lost mutation: You have hooves in place of feet. [Jiyva's
                  | grace]
 26162 | Snake:4  | Lost mutation: Your system is resistant to poisons. (rPois)
                  | [Jiyva's grace]
 26162 | Snake:4  | Lost mutation: Your spells are a little harder to cast, but
                  | a little more powerful. [Jiyva's grace]
 26162 | Snake:4  | Lost mutation: You have hoof-like feet. [Jiyva's grace]
 26162 | Snake:4  | Lost mutation: You have large cloven feet. [Jiyva's grace]
 26162 | Snake:4  | Gained mutation: You have sharp toenails. [Jiyva's grace]
 26162 | Snake:4  | Gained mutation: You have razor-sharp toenails. [Jiyva's
                  | grace]
 26162 | Snake:4  | Gained mutation: You have claws for feet. [Jiyva's grace]
 26162 | Snake:4  | Gained mutation: You are covered in slimy tendrils that may
                  | disarm your opponents. [Jiyva's grace]
 26166 | Snake:4  | Identified the +5 spear of Spores {speed, rC+ Str+2}
 26423 | Vaults:1 | Entered Level 1 of the Vaults
 26433 | D:13     | Reached skill level 1 in Spellcasting
 26493 | Vaults:1 | HP: 4/135 [deep troll[an ironbound preserver] (11)]
 26780 | D:13     | Reached skill level 5 in Spellcasting
 28065 | Snake:1  | Bought a ring of flight for 245 gold pieces
 28119 | Shoals:1 | Entered Level 1 of the Shoals
 28272 | Shoals:1 | Noticed ExZ's ghost (journeyman MiBe)
 28338 | Shoals:1 | Noticed Frances
 28414 | Shoals:1 | Killed Frances
 28415 | Shoals:1 | Found a transporter.
 28439 | Shoals:1 | Found a transporter.
 28453 | Shoals:1 | Mutation became permanent: You have a pair of horns on your
                  | head. [demonic ancestry]
 28453 | Shoals:1 | Gained mutation: You have a pair of large horns on your
                  | head. [demonic ancestry]
 28453 | Shoals:1 | Reached XP level 18. HP: 142/142 MP: 31/31
 28521 | Shoals:1 | Reached skill level 10 in Spellcasting
 28832 | Shoals:2 | Found a runed translucent door.
 28911 | Shoals:2 | Lost mutation: You have claws for feet. [Jiyva's grace]
 28911 | Shoals:2 | Lost mutation: You have razor-sharp toenails. [Jiyva's
                  | grace]
 28911 | Shoals:2 | Lost mutation: Your body has grown many eyes which may
                  | confuse attackers. (Acc +5) [Jiyva's grace]
 28911 | Shoals:2 | Gained mutation: Armour fits poorly on your pseudopods.
                  | [Jiyva's grace]
 28911 | Shoals:2 | Gained mutation: Armour fits poorly on your large
                  | pseudopods. [Jiyva's grace]
 28911 | Shoals:2 | Gained mutation: Armour fits poorly on your massive
                  | pseudopods. [Jiyva's grace]
 28911 | Shoals:2 | Gained mutation: You expend magic power (3 MP) to
                  | strengthen your wands. [Jiyva's grace]
 29045 | Shoals:2 | Identified the +0 hand axe "Reledd" {holy, *Noise rC+ Str+3
                  | SInv}
 29205 | Shoals:2 | Got the Handbook of Ghoulish Inhalation
 29391 | Shoals:2 | Noticed Aral's ghost (adept MiBe)
 29431 | Shoals:2 | Killed Aral's ghost
 30090 | Shoals:4 | Entered Level 4 of the Shoals
 30341 | Shoals:4 | Reached skill level 1 in Dodging
 30376 | Shoals:4 | Lost mutation: Your natural rate of healing is unusually
                  | fast. [Jiyva's grace]
 30376 | Shoals:4 | Lost mutation: You are covered in fur. (AC +1) [Jiyva's
                  | grace]
 30376 | Shoals:4 | Lost mutation: Your body has grown eyes which may confuse
                  | attackers. (Acc +3) [Jiyva's grace]
 30376 | Shoals:4 | Lost mutation: Armour fits poorly on your massive
                  | pseudopods. [Jiyva's grace]
 30376 | Shoals:4 | Lost mutation: Armour fits poorly on your large pseudopods.
                  | [Jiyva's grace]
 30376 | Shoals:4 | Gained mutation: Your melee attacks may engulf your foes in
                  | ooze. [Jiyva's grace]
 30376 | Shoals:4 | Gained mutation: Your system is resistant to poisons.
                  | (rPois) [Jiyva's grace]
 30376 | Shoals:4 | Gained mutation: You have a small jelly attached to you
                  | that may absorb projectiles. [Jiyva's grace]
 30376 | Shoals:4 | Gained mutation: Your muscles are strong. (Str +4, Int/Dex
                  | -1) [Jiyva's grace]
 30439 | Shoals:4 | Noticed Polyphemus
 30484 | Shoals:3 | Killed Polyphemus
 30591 | Shoals:4 | Reached skill level 5 in Dodging
 30857 | Shoals:4 | Identified the +10 lajatang of Dismemberment {drain, *Slow
                  | rF+ Dex+3}
 30962 | Shoals:4 | Got a barnacled rune of Zot
 31046 | Shoals:4 | Identified the +1 ring mail of Howling Wind {rElec rF+}
 31541 | Vaults:2 | Gained mutation: You punish those that try to bend your
                  | will. (Will+) [demonic ancestry]
 31541 | Vaults:2 | Reached XP level 19. HP: 148/148 MP: 35/35
 31632 | Vaults:2 | Noticed Bai Suzhen
 31659 | Vaults:2 | Killed Bai Suzhen
 32258 | Vaults:2 | Identified the +1 robe of Lugonu's Envy {Archmagi}
 32615 | Vaults:3 | Found a staircase to the Crypt.
 32643 | Vaults:3 | Reached skill level 1 in Air Magic
 32697 | Vaults:3 | Learned a level 3 spell: Swiftness
 32813 | Vaults:3 | Noticed Norris
 32845 | Vaults:3 | Killed Norris
 32858 | Vaults:3 | Reached skill level 5 in Air Magic
 33035 | Vaults:3 | Lost mutation: You possess an exceptional clarity of mind.
                  | [Jiyva's grace]
 33035 | Vaults:3 | Lost mutation: Armour fits poorly on your pseudopods.
                  | [Jiyva's grace]
 33035 | Vaults:3 | Lost mutation: You have a small jelly attached to you that
                  | may absorb projectiles. [Jiyva's grace]
 33035 | Vaults:3 | Gained mutation: Your natural rate of healing is unusually
                  | fast. [Jiyva's grace]
 33035 | Vaults:3 | Gained mutation: You heal very quickly. [Jiyva's grace]
 33035 | Vaults:3 | Gained mutation: You regenerate. [Jiyva's grace]
 33035 | Vaults:3 | Gained mutation: You have a small jelly attached to you
                  | that senses nearby items. [Jiyva's grace]
 33080 | Vaults:3 | Noticed a hellephant
 33096 | Vaults:3 | Noticed Margery
 33109 | Vaults:3 | Killed Margery
 33110 | Vaults:3 | Found Ymyur Ose's Jewellery Boutique.
 33120 | Vaults:3 | Killed a hellephant
 34171 | Vaults:4 | Noticed Saint Roka
 34213 | Vaults:4 | Killed Saint Roka
 34419 | Vaults:4 | Noticed Sojobo
 34442 | Vaults:4 | Paralysed by an air elemental for 1 turns
 34458 | Vaults:3 | Killed Sojobo
 34608 | Vaults:4 | Noticed Xtahua
 34646 | Vaults:4 | Killed Xtahua
 34679 | Vaults:4 | Reached skill level 10 in Air Magic
 34735 | Vaults:3 | Reached XP level 20. HP: 155/155 MP: 36/36
 34875 | Vaults:4 | Lost mutation: You regenerate. [Jiyva's grace]
 34875 | Vaults:4 | Lost mutation: You heal very quickly. [Jiyva's grace]
 34875 | Vaults:4 | Lost mutation: You are covered in slimy tendrils that may
                  | disarm your opponents. [Jiyva's grace]
 34875 | Vaults:4 | Gained mutation: You have acidic saliva. [Jiyva's grace]
 34875 | Vaults:4 | Gained mutation: Your mind is very acute. (Int +8, Str/Dex
                  | -2) [Jiyva's grace]
 34875 | Vaults:4 | Gained mutation: You are agile. (Dex +4, Str/Int -1)
                  | [Jiyva's grace]
 34875 | Vaults:4 | Gained mutation: You are very agile. (Dex +8, Str/Int -2)
                  | [Jiyva's grace]
 35861 | Elf:1    | Entered Level 1 of the Elven Halls
 37051 | Elf:2    | Reached skill level 10 in Dodging
 37115 | Elf:2    | Found a magical portal.
 37115 | Elf:2    | Paralysed by an air elemental for 1 turns
 37116 | Elf:2    | Lost mutation: You are very agile. (Dex +8, Str/Int -2)
                  | [Jiyva's grace]
 37116 | Elf:2    | Lost mutation: Your mind is very acute. (Int +8, Str/Dex
                  | -2) [Jiyva's grace]
 37116 | Elf:2    | Lost mutation: You are strong-willed. (Will+) [Jiyva's
                  | grace]
 37116 | Elf:2    | Lost mutation: Your system is resistant to poisons. (rPois)
                  | [Jiyva's grace]
 37116 | Elf:2    | Gained mutation: Your mind is very acute. (Int +8, Str/Dex
                  | -2) [Jiyva's grace]
 37116 | Elf:2    | Gained mutation: You are covered in slimy tendrils that may
                  | disarm your opponents. [Jiyva's grace]
 37116 | Elf:2    | Gained mutation: You have a small jelly attached to you
                  | that may absorb projectiles. [Jiyva's grace]
 37116 | Elf:2    | Gained mutation: Your system is resistant to poisons.
                  | (rPois) [Jiyva's grace]
 37127 | WizLab   | Entered Alistair's Party Mansion
 37523 | WizLab   | Noticed a golden dragon
 37561 | WizLab   | Acquired 945 gold pieces
 37569 | WizLab   | Got the Tractate on the Panacea
 37877 | Elf:2    | Found a radiant altar of Vehumet.
 37990 | Elf:2    | Found Kaph's Book Emporium.
 38095 | Elf:2    | Found a runed translucent gate.
 38096 | Elf:2    | Found a runed translucent gate.
 38096 | Elf:2    | Found a runed translucent gate.
 38194 | Elf:3    | Entered Level 3 of the Elven Halls
 38253 | Elf:3    | Found Veloz's Distillery.
 38441 | Elf:3    | Identified the +0 plate armour "Iricaega" {Dex+4}
 38810 | Elf:3    | Gained mutation: You have an unnaturally thin skeletal
                  | structure. (Dex +6, Stealth+++) [demonic ancestry]
 38810 | Elf:3    | Reached XP level 21. HP: 161/161 MP: 37/37
 38856 | Elf:3    | Reached skill level 1 in Translocations
 39011 | Elf:3    | Reached skill level 5 in Translocations
 39132 | Elf:3    | Found the amulet of the Air {Inacc Air Fly rElec RMsl}
 39225 | Elf:3    | Got Kikubaaqudgha's Tome of Evil Arts
 39451 | Elf:3    | Found Daudohac's General Store.
 39455 | Elf:3    | Bought a scroll of blinking for 127 gold pieces
 39697 | Elf:3    | Found Ciamem's Magic Scroll Boutique.
 39703 | Elf:3    | Found Pinaw's Assorted Antiques.
 39750 | Elf:3    | Found Roebra's Assorted Antiques.
 39836 | Elf:3    | Bought a scroll of blinking for 105 gold pieces
 39871 | Elf:3    | Bought 2 potions of berserk rage for 120 gold pieces
 39871 | Elf:3    | Bought a potion of curing for 36 gold pieces
 39871 | Elf:3    | Bought a potion of heal wounds for 60 gold pieces
 39871 | Elf:3    | Bought 2 potions of curing for 72 gold pieces
 39871 | Elf:3    | Bought a potion of invisibility for 96 gold pieces
 39871 | Elf:3    | Bought a potion of might for 48 gold pieces
 39871 | Elf:3    | Bought a potion of haste for 120 gold pieces
 39871 | Elf:3    | Bought a potion of haste for 120 gold pieces
 39871 | Elf:3    | Bought a potion of mutation for 96 gold pieces
 40087 | D:15     | Bought a potion of curing for 39 gold pieces
 40087 | D:15     | Bought a potion of might for 52 gold pieces
 40087 | D:15     | Bought a potion of curing for 39 gold pieces
 40087 | D:15     | Bought a potion of enlightenment for 65 gold pieces
 40087 | D:15     | Bought a potion of curing for 39 gold pieces
 40310 | Elf:3    | Bought a scroll of teleportation for 42 gold pieces
 40310 | Elf:3    | Bought a scroll of fear for 56 gold pieces
 40310 | Elf:3    | Bought a scroll of teleportation for 42 gold pieces
 40310 | Elf:3    | Bought a scroll of enchant armour for 105 gold pieces
 40317 | Elf:3    | Bought a scroll of blinking for 232 gold pieces
 40444 | D:12     | Bought a scroll of teleportation for 48 gold pieces
 40444 | D:12     | Bought a scroll of teleportation for 48 gold pieces
 40444 | D:12     | Bought a scroll of fear for 64 gold pieces
 40544 | Elf:3    | Bought a scroll of teleportation for 51 gold pieces
 40804 | Crypt:1  | Entered Level 1 of the Crypt
 40932 | Crypt:1  | Noticed Zenata
 40946 | Crypt:1  | Killed Zenata
 41009 | Crypt:1  | Lost mutation: Your mind is very acute. (Int +8, Str/Dex
                  | -2) [Jiyva's grace]
 41009 | Crypt:1  | Lost mutation: You have acidic saliva. [Jiyva's grace]
 41009 | Crypt:1  | Lost mutation: Your melee attacks may engulf your foes in
                  | ooze. [Jiyva's grace]
 41009 | Crypt:1  | Gained mutation: Your flesh is heat resistant. (rF+)
                  | [Jiyva's grace]
 41009 | Crypt:1  | Gained mutation: Your flesh is very heat resistant. (rF++)
                  | [Jiyva's grace]
 41009 | Crypt:1  | Gained mutation: Your flesh is almost immune to the effects
                  | of heat. (rF+++) [Jiyva's grace]
 41009 | Crypt:1  | Gained mutation: You are robust. (+10% HP) [Jiyva's grace]
 41237 | Crypt:1  | Reached skill level 10 in Translocations
 41257 | Crypt:1  | Learned a level 4 spell: Manifold Assault
 42356 | Crypt:2  | Gained mutation: You sometimes gain power by taking damage.
                  | [demonic ancestry]
 42356 | Crypt:2  | Reached XP level 22. HP: 184/184 MP: 38/38
 42614 | Crypt:2  | Noticed Donald
 42621 | Crypt:2  | Killed Donald
 42819 | Crypt:3  | Entered Level 3 of the Crypt
 43122 | Crypt:2  | Learned a level 2 spell: Blink
 43133 | Crypt:2  | Reached skill level 1 in Earth Magic
 43241 | Crypt:3  | HP: 11/228 [laughing skull/bolt of negative energy (3)]
 43241 | Crypt:3  | Mangled by an ancient champion

Illustrated notes

Levels and vault maps discovered:
D:1:      giann_wishing_wells, layout_basic, dreamdust_wishing_well,
          hangedman_abyss_or_decor_lesser_grid
D:2:      layout_basic, shapermc_ecumenical_altar_rom_forum, nicolae_titane
D:3:      layout_loops_ring, st_stairs_12, uniq_ijyb
D:4:      layout_cave_pods, chequers_temple_overflow_statue_of_worship,
          minmay_temple_entry_mist, serial_column_ruins, column_ruins_hut,
          column_ruins_grid_1, column_ruins_open_small, column_ruins_open_small,
          column_ruins_open_tiny, column_ruins_open_small,
          column_ruins_open_large, serial_shops, nicolae_shop_real_fake_doors
D:5:      layout_loops_ring, mainiacjoe_overflow_small_starburst,
          nicolae_shop_overcharged_wands
D:6:      layout_loops_cross
D:7:      layout_loops_ring, centaur_isle
D:8:      layout_basic, erik_lair_orcish_takeover, uniq_gastronok, uniq_psyche,
          uniq_prince_ribbit1
D:9:      layout_grid_maze
D:10:     layout_rooms
D:11:     layout_loops_ring, minivault_7
D:12:     kennysheep_bubbly, layout_loops_cross, orc_0_dummy, serial_shops,
          nicolae_stop_n_shop_2, shop, shop, shop, shop, grunt_ministairs_9,
          uniq_jorgrun
D:13:     layout_loops_ring, david_vaults_1
D:14:     layout_rooms, amethyst_killhole, uniq_lodul, uniq_rupert, uniq_kirke
D:15:     hangedman_depths_entry_try_elsewhere_first, layout_loops_ring,
          serial_shops, nicolae_shop_industrial_runoff
Lair:1:   layout_cellular_growth, nicolae_lair_liquid_snakes, lemuel_fruit_tree
Lair:2:   layout_chaotic_city, dummy_snake_entry, hellmonk_talismancer
Lair:3:   gammafunk_cloud_chamber, layout_long_grid,
          minmay_shoals_entry_centaurs, st_stairs_9,
          grunt_forest_large_clearings
Lair:4:   layout_cave_pods, nicolae_slime_entry_slimehenge
Lair:5:   hangedman_lair_in_review, layout_gridlike, wormcave, st_stairs_12,
          pdpol_lair_neglected_garden
Shoals:1: cheibrodos_shoals_gigantism, layout_shoals,
          gammafunk_ghost_berserking_beasts, uniq_frances
Shoals:2: layout_shoals, ebering_ghost_reflecting_pool,
          nicolae_shoals_the_drawing_of_the_three
Shoals:3: layout_shoals, nicolae_shoals_elemental_ambush
Shoals:4: shoals_end_hellmonk_holy_island, uniq_polyphemus
Snake:1:  layout_basic, basic_altar, serial_bayou_shore_a, minmay_shop_grove,
          uniq_aizul, uniq_roxanne
Snake:2:  layout_onion_interference, portal_ice_cave_entry_ice_simulacra,
          nicolae_snake_salamander_stairs, grunt_megastairs_2
Snake:3:  layout_rooms, guppyfry_library_mini
Snake:4:  minmay_snake_end_coiled, layout_misc_corridors,
          nicolae_snake_gridmaze_entwining, nicolae_snake_dead_anacondas,
          uniq_nikola
Slime:1:  layout_caves, special_room [special_room_jelly]
Slime:2:  layout_caves
Slime:3:  layout_caves
Slime:4:  layout_caves
Slime:5:  slime_pit_nicolae_trefoil
Orc:1:    layout_caves
Orc:2:    grunt_orc_cross, layout_caves
Elf:1:    layout_gridlike, hangedman_elven_crosses_minicolossus
Elf:2:    nicolae_elf_blades_crystal_corner, layout_gridlike, mu_enter_wizlab_4,
          basic_altar, serial_shops, shop, drop_trap
Elf:3:    minmay_elf_hall_circle, layout_geoelf_castle, serial_shops, shop,
          nicolae_shop_back_alley_shop, nicolae_shop_back_alley_shop,
          nicolae_square_shop, nicolae_shop_tiny_waterfront
Vaults:1: vaults_dpeg_emergency_exit, grunt_vaults_hallway_short, v_pattern_3,
          nicolae_vaults_big_ls, nicolae_vaults_closet_pinwheel_3,
          nicolae_vaults_murderbox, nicolae_vaults_angled_halls,
          nicolae_vaults_surprise_closet, nicolae_vaults_tetromino_T_2,
          nicolae_vaults_asterisk, vaults_room_stairs_pillars,
          hangedman_vaults_stretched_pinwheel, hangedman_vaults_variations,
          layout_vaults_maze_bifur
Vaults:2: serial_ice_g, nicolae_vaults_network_barrier,
          hangedman_vaults_corner_blocks, v_pattern_1,
          nicolae_vaults_offset_grid_hallway_3, vaults_dpeg_doors,
          nicolae_vaults_tetromino_T_1, nicolae_vaults_trapezoid_lopsided_1,
          vaults_dpeg_cross, nicolae_vaults_little_squares_4,
          nicolae_vaults_wine_cellar, nicolae_vaults_six-pack,
          nicolae_vaults_tangram_2, ontoclasm_vaults_shuriken,
          nicolae_vaults_little_squares_6, layout_vaults_omnibox,
          uniq_bai_suzhen
Vaults:3: nicolae_vaults_cornered_office, minmay_crypt_entry_simple_box,
          v_misc_10, v_misc_33, nicolae_vaults_prndl, hangedman_vaults_stream,
          nicolae_vaults_loss_of_containment, nicolae_vaults_diamond_2,
          nicolae_vaults_house_3, vaults_room_pools, nicolae_vaults_trapezoid_1,
          nicolae_vaults_weapon_check, v_misc_16, hangedman_vaults_capsules,
          layout_vaults_omnicross, serial_shops, shop, uniq_norris, uniq_margery
Vaults:4: v_misc_2, nicolae_vaults_closet_pinwheel_3,
          vaults_room_stairs_pillars, nicolae_vaults_trapezoid_4,
          vaults_standard_mumra_enter_the_diamond, nicolae_vaults_tetromino_Z_2,
          nicolae_vaults_closet_pinwheel_1, ontoclasm_vaults_decontamination,
          layout_vaults_quadrants, uniq_sojobo, uniq_saint_roka, uniq_xtahua
Crypt:1:  layout_basic, uniq_zenata
Crypt:2:  layout_rooms, uniq_donald
Crypt:3:  david_glass_crypt, layout_chaotic_city,
          nicolae_tomb_entry_unfolded_pyramid_orthogonal,
          hangedman_weighted_door

Skill      XL: |  1  2  3  4  5  6  7  8  9 10 11 12 13 14 15 16 17 18 19 20 21 22 |
---------------+-------------------------------------------------------------------+-----
Maces & Flails | 2 3 4 5 7 8 11 12 | 12.9
Fighting       | 7 9 12 | 12.9
Armour         | 5 7 12 | 12.9
Throwing       | 3 10 12 | 12.0
Shields        | 8 12 | 12.9
Evocations     | 5 12 | 12.9
Ranged Weapons | 3 5 |  5.2
Spellcasting   | 9 12 | 12.9
Dodging        | 7 9 12 | 12.9
Air Magic      | 10 12 | 12.9
Translocations | 11 12 | 12.9
Earth Magic    | 2 |  2.2

Action                     |  1- 3 |  4- 6 |  7- 9 | 10-12 | 13-15 | 16-18 | 19-21 | 22-24 || total
---------------------------+-------+-------+-------+-------+-------+-------+-------+-------++-------
  Melee: Flail             |   141 |   100 |    81 |       |       |       |       |       ||   322
         Headbutt          |       |    19 |    36 |    97 |   375 |   460 |   604 |    83 ||  1674
         Pseudopods        |       |       |    31 |    77 |   114 |   121 |    78 |       ||   421
         Morningstar       |       |       |    37 |       |   857 |  1425 |   298 |       ||  2617
         Mace              |       |       |    64 |   431 |   512 |       |       |       ||  1007
         Kick              |       |       |       |   184 |   406 |   402 |       |       ||   992
         Bite              |       |       |       |       |    60 |       |   139 |       ||   199
         Demon whip        |       |       |       |       |       |       |  1727 |   304 ||  2031
   Fire: Sling             |       |       |       |       |    18 |    43 |       |       ||    61
  Throw: Boomerang         |       |       |    69 |    58 |     1 |    14 |       |       ||   142
         Dart              |       |       |       |     3 |     6 |       |       |       ||     9
   Cast: Manifold Assault  |       |       |       |       |       |       |       |     3 ||     3
         Blink             |       |       |       |       |       |       |       |     1 ||     1
 Invoke: Oozemancy         |       |     1 |     5 |     7 |     1 |     1 |     1 |       ||    16
         Slimify           |       |       |       |     1 |       |       |       |       ||     1
  Evoke: Wand              |       |       |     2 |       |     1 |       |     2 |       ||     5
    Use: Potion            |       |     1 |     3 |     2 |     1 |     8 |     1 |     7 ||    23
         Scroll            |       |       |     9 |     2 |    11 |    12 |    12 |     1 ||    47
   Stab: Sleeping          |       |       |     1 |       |     2 |       |       |       ||     3
         Confused          |       |       |     3 |    11 |    21 |    25 |       |       ||    60
         Distracted        |       |       |       |       |     1 |       |       |       ||     1
         Paralysed         |       |       |       |       |       |     1 |       |       ||     1
         Petrified         |       |       |       |       |       |     2 |       |       ||     2
 Armour: Scale mail        |   120 |    81 |    34 |       |       |       |       |       ||   235
         Plate armour      |       |       |   173 |       |       |       |       |       ||   173
         Chain mail        |       |       |       |   366 |  1157 |  1450 |    53 |       ||  3026
         Storm dragon scal |       |       |       |       |       |       |  1267 |    99 ||  1366
         Skin              |       |       |       |       |       |       |       |   178 ||   178
  Dodge: Dodged            |    68 |    51 |    89 |   162 |   733 |   664 |   868 |   104 ||  2739
  Block: Buckler           |    23 |    17 |    57 |   119 |   542 |       |       |       ||   758
         Kite shield       |       |       |       |       |    47 |  1120 |  1062 |   217 ||  2446
